 Dungeon Sprint DCSS version 0.23.0 (webtiles) character file.

Game seed: 15688804596505211359

14497 Kairos the Severer (level 12, -2/111 HPs)
             Began as a Formicid Fighter on Feb 12, 2019.
             Was the Champion of Qazlal.
             Slain by an emperor scorpion (3 damage)
             ... summoned by a greater mummy
             ... in the Dungeon (Sprint V: "Ziggurat Sprint").
             The game lasted 00:08:37 (1629 turns).

Kairos the Severer (Formicid Fighter)               Turns: 1629, Time: 00:08:38

Health: -2/111     AC: 28    Str: 31      XL:     12   Next: 45%
Magic:  12/12      EV:  1    Int:  8 (13) God:    Qazlal [******]
Gold:   0          SH: 40    Dex: 20      Spells: 11/11 levels left

rFire    + + +     SeeInvis +   n - +7 great mace "Firestarter" {inner flame, rF++}
rCold    + + +     Gourm    .   m - +18 shield of the Gong {rElec rN+ MR+ EV-5}
rNeg     + + .     Faith    .   a - +5 gold dragon scales
rPois    +         Spirit   .   (helmet unavailable)
rElec    +         Reflect  .   G - scarf {rC+ rF+}
rCorr    +         Harm     .   E - +0 pair of gloves of Wigem {Dex+4}
MR       ++++.                  (no boots)
Stlth    ..........             K - amulet of Recklessness {rC- MR++ Regen+ Int+4}
HPRegen  0.68/turn              H - +6 ring of strength
MPRegen  0.13/turn              D - ring "Xawnuxka" {Ice rN+ Dex+6}

@: lethally poisoned (-2 -> -9), resistant, protected from physical damage,
starving, repel missiles
A: permanent stasis, dig shafts and tunnels, four strong arms, antennae 3
a: Dig, Upheaval, Elemental Force, Disaster Area, Renounce Religion


You were in the Dungeon.
You worshipped Qazlal.
Qazlal was exalted by your worship.
You were starving.

You visited 1 branch

Inventory:

Hand Weapons
 b - a +5 executioner's axe
 h - a +5 demon whip
 j - the +9 heavy crossbow "Sniper" {velocity, Acc+∞ SInv}
   (You found it in the Dungeon)

   Any bolt fired from it inflicts extra damage.
   It lets you see invisible.
 k - the +14 obsidian axe {chop, +Fly SInv *Curse}
   (You found it in the Dungeon)

   It inflicts extra damage upon your enemies.
   It lets you see invisible.
   It lets you fly.
   It curses itself when equipped.
 n - the +7 great mace "Firestarter" (weapon) {inner flame, rF++}
   (You found it in the Dungeon)

   It has been specially enchanted to burn those struck by it, causing extra
   injury to most foes and up to half again as much damage against particularly
   susceptible opponents.
   It greatly protects you from fire.
 o - the +8 lance "Wyrmbane" {slay drac, rPois rF+ rC+ AC+3}
   (You found it in the Dungeon)

   It affects your AC (+3).
   It protects you from fire.
   It protects you from cold.
   It protects you from poison.
Missiles
 c - 1014 bolts
Armour
 a - +5 gold dragon scales (worn)
 l - the +15 Maxwell's patent armour {-Cast -Tele rElec MR+ rCorr}
   (You found it in the Dungeon)

   It insulates you from electricity.
   It affects your resistance to hostile enchantments.
   It prevents spellcasting.
   It prevents most forms of teleportation.
   It provides partial protection from all sources of acid and corrosion.
 m - the +18 shield of the Gong (worn) {rElec rN+ MR+ EV-5}
   (You found it in the Dungeon)

   It affects your evasion (-5).
   It insulates you from electricity.
   It protects you from negative energy.
   It affects your resistance to hostile enchantments.
 E - the +0 pair of gloves of Wigem (worn) {Dex+4}
   (You found it in the Dungeon)

   It affects your dexterity (+4).
 G - a scarf of resistance (worn)
Jewellery
 D - the ring "Xawnuxka" (right hand) {Ice rN+ Dex+6}
   (You found it in the Dungeon)

   [ring of ice]

   It enhances your ice magic.
   It affects your dexterity (+6).
   It makes you vulnerable to fire.
   It protects you from cold.
   It protects you from negative energy.
 F - an uncursed amulet of the gourmand
 H - a +6 ring of strength (left hand)
 I - a +6 ring of strength
 J - a +4 amulet of reflection
 K - the amulet of Recklessness (around neck) {rC- MR++ Regen+ Int+4}
   (You found it in the Dungeon)

   [amulet of regeneration]

   It affects your intelligence (+4).
   It makes you vulnerable to cold.
   It affects your resistance to hostile enchantments.
   It increases your rate of regeneration.
Wands
 y - a wand of disintegration (7)
 B - a wand of iceblast (7)
 C - a wand of acid (7)
Scrolls
 p - 4 scrolls of amnesia
 q - 7 scrolls of fog
 r - a scroll of holy word
 s - 5 scrolls of identify
 t - 4 scrolls of remove curse
 u - 2 scrolls of fear
Potions
 d - 6 potions of might
 e - 10 potions of curing
 g - 10 potions of heal wounds
 i - 7 potions of magic
 v - 2 potions of brilliance
 w - 2 potions of invisibility
 x - 2 potions of resistance
 z - a potion of experience
 A - 5 potions of agility
Comestibles
 f - 7 rations


   Skills:
 + Level 15.8 Fighting
 + Level 16.8(18.4) Axes
 + Level 13.4(16.8) Maces & Flails
 + Level 13.3 Armour
 - Level 3.0 Stealth
 - Level 10.4 Shields


You had 11 spell levels left.
You didn't know any spells.
Your spell library contained the following spells:

 Spells                   Type           Power        Failure   Level  Hunger
 Animate Skeleton         Necr           N/A          100%        1    ##.....
 Flame Tongue             Conj/Fire      #....        100%        1    ##.....
 Pain                     Necr           #...         100%        1    ##.....
 Summon Butterflies       Summ           #.......     100%        1    ##.....
 Sublimation of Blood     Necr           #.........   100%        2    ###....
 Call Canine Familiar     Summ           #.......     100%        3    ####...
 Gell's Gravitas          Tloc           #.........   100%        3    ####...
 Teleport Other           Tloc           #.......     100%        3    ####...
 Animate Dead             Necr           N/A          100%        4    #####..
 Cause Fear               Hex            #.........   100%        4    #####..
 Summon Ice Beast         Ice/Summ       #.......     100%        4    #####..
 Bolt of Magma            Conj/Fire/Erth #.........   100%        5    ######.
 Iskenderun's Battlesphe  Conj/Chrm      #.......     100%        5    ######.
 Summon Mana Viper        Hex/Summ       #.......     100%        5    ######.
 Venom Bolt               Conj/Pois      #.........   100%        5    ######.
 Bolt of Fire             Conj/Fire      #.........   100%        6    #######
 Iron Shot                Conj/Erth      #.........   100%        6    #######
 Dragon Form              Tmut           #.........   100%        7    #######
 Orb of Destruction       Conj           #.........   100%        7    #######
 Spellforged Servitor     Conj/Summ      #.........   100%        7    #######
 Summon Hydra             Summ           #.........   100%        7    #######
 Dragon's Call            Summ           #.........   100%        9    #######


Dungeon Overview and Level Annotations

Branches:
Dungeon (1/1)

Altars:
Ashenzari
Cheibriados
Dithmenos
Elyvilon
Fedhas
Gozag
Hepliaklqana
Kikubaaqudgha
Makhleb
Nemelex Xobeh
Okawaru
Qazlal
Ru
Sif Muna
Trog
Uskayaw
Vehumet
Wu Jian
Xom
Yredelemnul
Zin
The Shining One
Beogh
Jiyva
Lugonu


Innate Abilities, Weirdness & Mutations

You cannot be hasted, slowed, berserked, paralysed or teleported.
You can dig through walls and to a lower floor.
Your four strong arms can wield two-handed weapons with a shield.
You have a pair of large antennae on your head. (SInv)


Message History

You feel sick. You block the death scarab's attack.
PTOANNNG!
The greater mummy is engulfed in blazing flames.
The greater mummy casts a spell.
The ushabti is engulfed in freezing vapours.
The ushabti shakes and rattles.
The vile air hits the mummy priest but does no damage.
The vile air hits you!
* * * LOW HITPOINT WARNING * * *
The vile air hits the mummy priest but does no damage.
You block the emperor scorpion's attack.
BOUMMMMG!
You block the emperor scorpion's attack.
PANG!
The emperor scorpion claws you!
* * * LOW HITPOINT WARNING * * *
Your resistance to fire fades away.
You feel protected from physical attacks.
The emperor scorpion stings you.
You die...

▓...8©8...▓
▓..)..}[..▓..)).)...▓
▓..|}.=...▓...|)[}..▓
▓.........▓.........▓
▓.s.......▓.........▓
▓...sMM...▓.........▓
▓..°M§§MW.▓..)......▓
▓...s§sM..▓)▓.)...▓.▓
▓.▓8M@§M▓.▓..).©....▓
▓...M©s...▓▓▓▓▓▓▓▓▓▓▓
▓▓▓▓▓▓▓▓▓▓▓


{{{{{{{{ {{{{{{{{{ {{{{{{{{{{{{{{{{{{ {{{{{{{{{{{{{{{{{{ {{{{{ You could see a
greater mummy, 4 emperor scorpions, 2 mummy priests, 3 guardian mummies, an
ushabti, a death scarab, a shadow (invisible) and 2 mummies.

Vanquished Creatures
  A death cob (D)
  A red draconian (D)
  An ice dragon (D)
  2 vault guards (D)
  A two-headed ogre (D)
  A dancing weapon (D)
  An ironbrand convoker (D)
  A deep elf archer (D)
  5 draconians (D)
  An eye of devastation (D)
  An ancient zyme (D)
  A guardian mummy (D)
  2 slime creatures (D)
  A raiju (D)
  A fire elemental (D)
  3 hell hounds (D)
  An orc warrior (D)
  3 ogres (D)
  An earth elemental (D)
  A quasit (D)
  2 jellies (D)
  An orc priest (D)
  2 orc wizards (D)
  2 white imps (D)
  3 ufetubi (D)
  2 oozes (D)
  An orc (D)
  A leopard gecko zombie (D)
44 creatures vanquished.

Vanquished Creatures (collateral kills)
  A green draconian (D)
  A black draconian (D)
  2 purple draconians (D)
  2 yaktaurs (D)
  A freezing wraith (D)
  A troll (D)
  A hornet (D)
  A crimson imp (D)
  An orc (D)
11 creatures vanquished.

Grand Total: 55 creatures vanquished

Notes
Turn   | Place    | Note
-------+----------+-------------------------------------------
     0 | D        | Found the +6 Majin-Bo {vamp, Archmagi MP+6 Int+6}
     0 | D        | Found the +7 great mace "Firestarter" {inner flame, rF++}
     0 | D        | Kairos the Formicid Fighter began the quest for the Orb.
     0 | D        | Reached XP level 1. HP: 18/18 MP: 1/1
    21 | D        | Found a blossoming altar of Fedhas.
    22 | D        | Found a viscous altar of Jiyva.
    22 | D        | Found a hazy altar of Hepliaklqana.
    22 | D        | Found a transporter.
    22 | D        | Found an opulent altar of Gozag.
    22 | D        | Found an ancient bone altar of Kikubaaqudgha.
    22 | D        | Found a corrupted altar of Lugonu.
    32 | D        | Found a burning altar of Makhleb.
    33 | D        | Found a stormy altar of Qazlal.
    33 | D        | Found an iron altar of Okawaru.
    33 | D        | Found a sacrificial altar of Ru.
    33 | D        | Found a sparkling altar of Nemelex Xobeh.
    33 | D        | Found a deep blue altar of Sif Muna.
    33 | D        | Found a bloodstained altar of Trog.
    39 | D        | Found the +9 heavy crossbow "Sniper" {velocity, Acc+∞ SInv}
    39 | D        | Found the +10 dark maul {crush}
    39 | D        | Found the +15 Maxwell's patent armour {-Cast -Tele rElec
                  | MR+ rCorr}
    39 | D        | Found the +18 shield of the Gong {rElec rN+ MR+ EV-5}
    39 | D        | Found the cursed +14 obsidian axe {chop, +Fly SInv *Curse}
    41 | D        | Found the +6 shillelagh "Devastator" {shatter}
    41 | D        | Found the +11 plutonium sword {*Contam Stlth-}
    41 | D        | Found the +8 lance "Wyrmbane" {slay drac, rPois rF+ rC+
                  | AC+3}
    41 | D        | Found the +9 sword of Zonguldrok {reap}
    41 | D        | Found the cursed +13 scythe of Curses {drain, *Curse}
    41 | D        | Found the +0 sword of Power
    41 | D        | Found the +7 mace of Variability {chain chaos}
    41 | D        | Found the +7 Singing Sword {slice, sonic wave}
    41 | D        | Found the +7 longbow "Piercer" {penet, EV-2}
   110 | D        | Became a worshipper of Qazlal Stormbringer
   127 | D        | Entered arena 2.
   127 | D        | Noticed a draconian
   127 | D        | Noticed a draconian
   127 | D        | Found a transporter.
   148 | D        | Killed a draconian
   148 | D        | Reached skill level 3 in Axes
   148 | D        | Reached skill level 10 in Shields
   148 | D        | Reached XP level 2. HP: 17/32 MP: 2/2
   148 | D        | Reached XP level 3. HP: 20/37 MP: 3/3
   148 | D        | Reached XP level 4. HP: 24/44 MP: 4/4
   148 | D        | Reached XP level 5. HP: 27/49 MP: 5/5
   148 | D        | Reached XP level 6. HP: 30/56 MP: 6/6
   160 | D        | Killed a draconian
   160 | D        | Reached skill level 10 in Fighting
   160 | D        | Reached skill level 4 in Axes
   160 | D        | Reached skill level 1 in Stealth
   160 | D        | Reached XP level 7. HP: 27/66 MP: 7/7
   160 | D        | Reached XP level 8. HP: 30/72 MP: 8/8
   373 | D        | Entered arena 3.
   373 | D        | Found a transporter.
   379 | D        | Reached * piety under Qazlal
   404 | D        | Entered arena 4.
   404 | D        | Noticed a +2 trident of piercing
   404 | D        | Noticed a fire elemental
   404 | D        | Noticed a deep elf archer
   404 | D        | Found a transporter.
   405 | D        | Identified the cursed +1 falchion "Ruseg" {venom, +Blink
                  | rElec MR+++ Str-4}
   411 | D        | Killed a fire elemental
   411 | D        | Reached ** piety under Qazlal
   429 | D        | Killed a +2 trident of piercing
   429 | D        | Reached skill level 10 in Maces & Flails
   429 | D        | Reached skill level 10 in Armour
   429 | D        | Reached XP level 9. HP: 56/82 MP: 9/9
   448 | D        | Killed a deep elf archer
   448 | D        | Reached *** piety under Qazlal
   565 | D        | Entered arena 5.
   565 | D        | Noticed an ancient zyme
   565 | D        | Noticed a raiju
   565 | D        | Found a transporter.
   578 | D        | Killed an ancient zyme
   589 | D        | Killed a raiju
   589 | D        | Reached **** piety under Qazlal
   702 | D        | Entered arena 6.
   702 | D        | Noticed a two-headed ogre
   702 | D        | Noticed a troll
   702 | D        | Found a transporter.
   708 | D        | Reached skill level 5 in Axes
   708 | D        | Reached XP level 10. HP: 84/91 MP: 10/10
   709 | D        | Killed a two-headed ogre
   709 | D        | Reached ***** piety under Qazlal
   709 | D        | Reached skill level 6 in Axes
   714 | D        | Got the ring "Xawnuxka" {Ice rN+ Dex+6}
   718 | D        | Got the +0 pair of gloves of Wigem {Dex+4}
   749 | D        | Entered arena 7.
   750 | D        | Found a transporter.
   770 | D        | Entered arena 8.
   771 | D        | Found a transporter.
   776 | D        | Reached ****** piety under Qazlal
   785 | D        | Got the ring "Goum" {rC+ rN+ Int+8 Slay-3}
   789 | D        | Got the amulet "Giusoycki" {RegenMP rF+ Str-5 SInv}
   797 | D        | Entered arena 9.
   797 | D        | Noticed an eye of devastation
   798 | D        | Found a transporter.
   801 | D        | Reached skill level 7 in Axes
   803 | D        | Killed an eye of devastation
   803 | D        | Reached skill level 8 in Axes
   815 | D        | Got the amulet of Recklessness {rC- MR++ Regen+ Int+4}
   820 | D        | Entered arena 10.
   820 | D        | Noticed a yaktaur
   820 | D        | Noticed a freezing wraith
   820 | D        | Noticed a vault guard
   820 | D        | Noticed an ironbrand convoker
   820 | D        | Noticed an ice dragon
   820 | D        | Noticed a yaktaur
   820 | D        | Noticed a vault guard
   823 | D        | Found a transporter.
   828 | D        | Killed a freezing wraith
   828 | D        | Reached skill level 9 in Axes
   829 | D        | Killed a yaktaur
   830 | D        | Killed an ice dragon
   830 | D        | Reached skill level 10 in Axes
   830 | D        | Reached XP level 11. HP: 39/99 MP: 11/11
   831 | D        | Killed a vault guard
   831 | D        | Reached skill level 11 in Axes
   831 | D        | Killed a vault guard
   831 | D        | Reached skill level 12 in Axes
   831 | D        | Killed an ironbrand convoker
  1114 | D        | Entered arena 11.
  1114 | D        | Noticed a death cob
  1114 | D        | Noticed a purple draconian
  1114 | D        | Noticed a red draconian
  1114 | D        | Noticed a purple draconian
  1114 | D        | Noticed a draconian
  1114 | D        | Noticed a draconian
  1114 | D        | Noticed a green draconian
  1114 | D        | Noticed a black draconian
  1114 | D        | Noticed a draconian
  1125 | D        | Killed a purple draconian
  1125 | D        | Reached skill level 13 in Axes
  1127 | D        | Killed a death cob
  1127 | D        | Reached skill level 15 in Fighting
  1127 | D        | Reached skill level 14 in Axes
  1128 | D        | Killed a draconian
  1128 | D        | Killed a black draconian
  1128 | D        | Reached skill level 15 in Axes
  1128 | D        | Reached XP level 12. HP: 34/110 MP: 12/12
  1130 | D        | Killed a purple draconian
  1136 | D        | Killed a green draconian
  1136 | D        | Reached skill level 16 in Axes
  1137 | D        | Found a transporter.
  1141 | D        | Killed a red draconian
  1370 | D        | Got the Almanac of Doomed Orientation
  1615 | D        | Entered arena 12.
  1615 | D        | Noticed a greater mummy
  1615 | D        | Noticed a mummy priest
  1616 | D        | Noticed a mummy priest
  1618 | D        | Noticed a death scarab
  1618 | D        | Noticed a death scarab
  1618 | D        | Noticed a death scarab
  1623 | D        | Noticed a death scarab
  1623 | D        | Noticed a death scarab
  1623 | D        | Noticed a death scarab
  1624 | D        | Noticed an emperor scorpion
  1624 | D        | Noticed an emperor scorpion
  1629 | D        | HP: 1/111 [emperor scorpion[a greater mummy] (7)]
  1629 | D        | Slain by an emperor scorpion

Skill      XL: |  1  2  3  4  5  6  7  8  9 10 11 12 |
---------------+-------------------------------------+-----
Fighting       | 8 10 11 12 13 15 | 15.8
Axes           | 3 4 5 10 15 16 | 16.8
Maces & Flails | 4 7 10 12 13 | 13.4
Armour         | 7 8 10 11 12 13 | 13.3
Shields        | 10 | 10.4
Stealth        | 1 2 3 |  3.0

Action                   |  1- 3 |  4- 6 |  7- 9 | 10-12 || total
-------------------------+-------+-------+-------+-------++-------
Melee: Demon whip        |    20 |    12 |    69 |       ||   101
       Broad axe         |       |       |     5 |    50 ||    55
       Great mace        |       |       |       |     5 ||     5
  Use: Potion            |       |       |       |     2 ||     2
       Scroll            |       |       |       |     1 ||     1
  Eat: Chunk             |       |       |       |     4 ||     4
Armor: Gold dragon scale |     5 |     1 |    23 |    22 ||    51
Dodge: Dodged            |       |       |     2 |     2 ||     4
Block: Shield            |    34 |     7 |    79 |   117 ||   237
